 Dungeon Crawl Stone Soup version 0.31-a0-214-gb37851dbb3 (webtiles) character file.

Game seed: 9946779188086568135

87 qw the Shooter (level 4, -5/26 HPs)
             Began as a Gargoyle Hexslinger on July 1, 2023.
             Slain by Natasha (6 damage)
             ... on level 2 of the Dungeon.
             The game lasted 00:00:33 (976 turns).

qw the Shooter (Gargoyle Hexslinger)                 Turns: 976, Time: 00:00:33

Health: -5/26      AC:  6    Str: 12    XL:     4   Next: 51%
Magic:  5/5        EV: 11    Int: 13    God:
Gold:   77         SH:  0    Dex: 14    Spells: 4/5 levels left

rFire   . . .        Y - +1 sling
rCold   . . .        (no shield)
rNeg    + . .        e - +0 leather armour
rPois   inf          (no helmet)
rElec   +            (no cloak)
rCorr   .            (no gloves)
SInv    .            (no boots)
Will    .....        (no amulet)
Stlth   +            (no ring)
HPRegen 0.24/turn    (no ring)
MPRegen 0.09/turn

%: no passive effects
@: about to teleport, slowed, very slow
A: sickness immunity, AC +3, negative energy resistance 1, electricity
resistance, torment resistance 1, petrification resistance
a: no special abilities


You were on level 2 of the Dungeon.
You visited 1 branch of the dungeon, and saw 2 of its levels.

You collected 77 gold pieces.


Innate Abilities, Weirdness & Mutations

You are immune to sickness and miasma.
Your stone body is resilient. (AC +3)
You are immune to poison.
You resist negative energy. (rN+)
You are resistant to electric shocks. (rElec)
You are resistant to unholy torment.
You are immune to petrification.


   Skills:
 - Level 2.0 Fighting
 + Level 4.3 Ranged Weapons
 - Level 1.5 Dodging
 - Level 1.0 Spellcasting
 - Level 2.6 Hexes


You had 4 spell levels left.
You knew the following spells:

 Your Spells              Type           Power      Damage    Failure   Level
a - Slow                  Hex            28%        N/A       12%         1

Your spell library contained the following spells:

 Spells                   Type           Power      Damage    Failure   Level
 Inner Flame              Hex/Fire       4%         N/A       52%         3
 Portal Projectile        Hex/Tloc       8%         N/A       52%         3
 Cause Fear               Hex            3%         N/A       75%         4

Inventory:

Hand Weapons
 Y - a +1 sling (weapon)
Armour
 a - the +0 robe of Death's Door {Int+6}
   (You found it on level 2 of the Dungeon)

   Int:       It affects your intelligence (+6).
 e - a +0 leather armour (worn)
Scrolls
 b - a scroll of vulnerability {unknown}
Potions
 f - a potion of attraction {unknown}
 g - a potion of curing {unknown}
 i - a potion of degeneration {unknown}

Dungeon Overview and Level Annotations

Branches:
Dungeon (2/15)

Altars:

Annotations:
D:2 Natasha


Message History

You feel yourself slow down.
You shoot a sling bullet.
The sling bullet completely misses Natasha.
Natasha casts a spell at you. The magic dart hits you.
You shoot a sling bullet.
The sling bullet closely misses Natasha.
You shoot a sling bullet. The sling bullet hits Natasha.
Natasha is severely wounded.
Natasha howls an incantation.
You feel disoriented. Natasha claws you. Natasha closely misses you.
You shoot a sling bullet.
The sling bullet closely misses Natasha.
The sling bullet hits the worm.
The worm is moderately wounded.
Natasha misses you. Natasha claws you.
You shoot a sling bullet.
The sling bullet hits Natasha but does no damage.
Natasha is severely wounded.
Natasha barely misses you. The worm bites you but does no damage.
You shoot a sling bullet. The sling bullet barely misses Natasha.
Natasha claws you. x2; The worm bites you.
You shoot a sling bullet. The sling bullet hits Natasha.
Natasha is almost dead.
Natasha claws you. The worm bites you. Natasha closely misses you.
You shoot a sling bullet.
The sling bullet completely misses Natasha.
Natasha wildly gestures.
Natasha glows brightly for a moment.
Natasha claws you but does no damage. The worm bites you but does no damage.
Natasha barely misses you.
You shoot a sling bullet. The sling bullet hits Natasha.
Natasha is almost dead.
Natasha claws you. The worm closely misses you. Natasha claws you.
976 ||| READING scroll of teleportation.
As you read the scroll of teleportation, it crumbles to dust.
You feel strangely unstable. The worm bites you. Natasha claws you.
You die...

#.# #. ... ## .
#.# .. #.# .#
... #.# #.# #...
#.# #.# ..
#.#..####'####.#
...###
#..............#
......
...#.h@.......#
......
#...?w........#
#....
#.###.........#
#.... ?
#.#.......#
#....
#...+####.#
#....
.$....####'###
#....
#.####.......#
#....
.............#
#....
............#
#....


You could see a worm and Natasha.

Vanquished Creatures
  Natasha (D:2)
  2 adders (D:2)
  2 dart slugs
  8 ball pythons (D:1)
  4 bats
  An endoplasm (D:1)
  4 giant cockroaches
  6 goblins
  A hobgoblin (D:1)
  3 quokkas
  A frilled lizard (D:1)
  3 kobolds (D:1)
  A rat (D:1)
37 creatures vanquished.

Notes
Turn   | Place    | Note
-------+----------+-------------------------------------------
     0 | D:1      | qw the Gargoyle Hexslinger began the quest for the Orb.
     0 | D:1      | Reached XP level 1. HP: 12/12 MP: 2/2
     0 | D:1      | 0 ||| qw: Version: 0.3-a-32-g5962c71
     0 | D:1      | 0 ||| qw: Game counter: 7665
     0 | D:1      | 0 ||| qw: Melee chars always use a shield: true
     0 | D:1      | 0 ||| qw: God list: Okawaru
     0 | D:1      | 0 ||| qw: Allow faded altars: false
     0 | D:1      | 0 ||| qw: Do Orc after clearing Dungeon:15 true
     0 | D:1      | 0 ||| qw: Do second Lair branch before Depths: true
     0 | D:1      | 0 ||| qw: Lair rune preference: random
     0 | D:1      | 0 ||| qw: Goals: Normal
     0 | D:1      | 0 ||| PLANNING D:1-11
   113 | D:1      | Reached XP level 2. HP: 16/16 MP: 3/3
   165 | D:1      | Reached skill level 3 in Ranged Weapons
   203 | D:1      | Found a faded altar of an unknown god.
   459 | D:1      | Reached XP level 3. HP: 21/21 MP: 4/4
   617 | D:1      | 617 ||| UPGRADING to +0 leather armour.
   627 | D:1      | 627 ||| DROPPING +0 robe.
   628 | D:1      | 628 ||| READING scroll labelled SUON GABLEMIPT.
   632 | D:1      | 632 ||| READING scroll labelled ZAT ZAKOUCWE.
   633 | D:1      | 633 ||| READING scroll labelled ISTRU VETALO.
   634 | D:1      | 634 ||| DROPPING scroll of poison.
   718 | D:2      | Identified the +0 robe of Death's Door {Int+6}
   866 | D:2      | Noticed Natasha
   876 | D:2      | Killed Natasha
   877 | D:2      | Reached skill level 4 in Ranged Weapons
   877 | D:2      | Reached XP level 4. HP: 14/26 MP: 5/5
   964 | D:2      | Noticed Natasha
   975 | D:2      | HP: 5/26 [Natasha (5)]
   976 | D:2      | 976 ||| READING scroll of teleportation.
   976 | D:2      | HP: 1/26 [worm (3)]
   976 | D:2      | Slain by Natasha

Levels and vault maps discovered:
D:1:      ebering_trefoil_3fold, layout_rooms,
          dreamdust_ecumenical_altar_statues, supply_closet_lemuel,
          grunt_decor_junction, minmay_misc_feat_more_columns,
          serial_bayou_pond_c
D:2:      layout_basic, minmay_fractal_squares_5, uniq_natasha

Skill      XL: |  1  2  3 |
---------------+----------+-----
Ranged Weapons | 3 4 |  4.3
Fighting       | 2 |  2.0
Dodging        | |  1.5
Spellcasting   | |  1.0
Hexes          | |  2.6

Action                     |  1- 3 |  4- 6 || total
---------------------------+-------+-------++-------
   Fire: Sling             |   122 |    22 ||   144
    Use: Scroll            |     3 |     1 ||     4
 Armour: Robe              |    13 |       ||    13
         Leather armour    |     4 |     6 ||    10
  Dodge: Dodged            |    29 |    12 ||    41

Table legend:
 A = Non-vault XP
 B = Vault XP
 C = Vault XP percentage of total XP
 D = Non-vault monster count
 E = Vault monster count
 F = Vault count percentage of total count
                 A         B        C        D         E       F
            +---------+---------+-------+---------+---------+-------
      Total |      89 |      36 |  28.8 |      36 |       1 |   2.7
            +---------+---------+-------+---------+---------+-------
        D:1 |      50 |       0 |   0.0 |      28 |       0 |   0.0
        D:2 |      39 |      36 |  48.0 |       8 |       1 |  11.1
            +---------+---------+-------+---------+---------+-------
